Map: Site Delta LE

Players

A.I. 1 (Very Easy)

  • Race: Protoss Protoss
  • Spawn Location: 11:00

RetrO

  • Race: Terran Terran
  • League: Diamond
  • Spawn Location: 5:00

VOD

Have the link to the VOD?

Description

Time

  • Played on: Jan. 20, 2024, 5:21 p.m.
  • Length: 8:30
Show
View Real Time Build Order
Export as new Build Order

A.I. 1 (Very Easy) Protoss 

Build Orders:  

Get SALT Encoding   

    0:18  Probe x12  
    0:30  Unknown  
    0:31  Probe  
  13  0:44  Probe  
  14  0:50  Pylon  
  14  0:56  Probe  
  15  1:04  Probe  
  16  1:12  Probe  
  17  1:22  Probe  
  18  1:45  Gateway  
  18  1:48  Assimilator  
  18  1:57  Pylon  
  18  2:13  Assimilator  
  18  2:15  Probe  
  19  2:25  Zealot  
  19  2:27  Probe  
  22  2:37  Cybernetics Core  
  22  3:04  Warp Gate  
  22  3:46  Stalker  
Show
View Real Time Build Order
Export as new Build Order

RetrO Terran 

Build Orders: Mech 

Get SALT Encoding   

  12  0:05  Orbital Command  
    0:18  SCV x12  
    0:31  SCV  
  13  0:43  SCV  
  13  0:47  Supply Depot  
  14  0:55  SCV  
  15  1:08  SCV  
  15  1:10  Barracks  
  16  1:15  Refinery  
  16  1:20  SCV  
  16  1:22  Refinery  
  17  1:33  SCV  
  17  1:37  Supply Depot  
  18  1:45  SCV  
  19  1:57  Orbital Command  
  19  1:58  Reaper  
  20  2:18  Factory  
  20  2:24  SCV  
  21  2:35  Barracks Reactor  
  21  2:36  SCV  
  22  2:48  SCV  
  23  2:55  Command Center  
  23  3:00  SCV  
  23  3:02  Hellion  
  26  3:12  SCV, Reaper x2  
  29  3:16  Supply Depot  
  29  3:24  SCV  
  30  3:29  Starport  
  30  3:36  SCV  
  30  3:38  Hellion  
  33  3:52  Barracks Tech Lab, SCV  
  34  4:04  SCV  
  34  4:08  Refinery  
  37  4:10  Orbital Command, Cyclone x2  
  37  4:16  SCV  
  40  4:28  SCV  
  41  4:32  Raven  
  41  4:35  Refinery  
  41  4:37  Supply Depot  
  43  4:38  SCV  
  43  4:41  SCV  
  43  4:42  Cyclone  
  43  4:43  Cyclone  
  49  4:51  SCV  
  50  4:53  SCV  
  51  5:00  Supply Depot  
  51  5:03  SCV  
  51  5:05  SCV  
  53  5:11  Raven  
  55  5:15  Cyclone x2, SCV  
  55  5:17  SCV  
  61  5:23  Supply Depot  
  61  5:27  SCV  
  62  5:29  SCV  
  63  5:39  SCV  
  63  5:41  Factory, SCV  
  65  5:44  Factory  
  65  5:51  SCV  
  65  5:53  SCV  
  65  5:55  Siege Tank  
  70  6:03  SCV  
  71  6:06  SCV  
  71  6:07  Command Center  
  71  6:09  Barracks Reactor, Starport Reactor  
  72  6:15  SCV  
  73  6:18  SCV  
  74  6:29  Factory Tech Lab  
  74  6:34  Refinery  
  74  6:35  Refinery  
  74  6:39  Hellion  
  78  6:40  Hellion  
  78  6:42  Supply Depot  
  78  6:46  Supply Depot  
Tags
 
Composition
Mech
League
Diamond
Matchup
PvT
Spawn Locations
Cross Positions
Add a new tag
Caveats
  • Supply blocks, unpowered buildings, or Contaminate may cause inaccurate times.
  • Supply counts are checked every 10 seconds.